 Dungeon Crawl Stone Soup version 0.30.0 (webtiles) character file.

Game seed: 15035110875239325702

57967 bmack86 the Severer (level 14, -5/126 HPs)
             Began as a Minotaur Fighter on May 6, 2023.
             Was a High Priest of Okawaru.
             Succumbed to poison (dark miasma)
             ... in a Gauntlet on May 7, 2023.
             The game lasted 00:44:37 (12666 turns).

bmack86 the Severer (Minotaur Fighter)             Turns: 12666, Time: 00:44:38

Health: -5/126     AC: 27    Str: 31    XL:     14   Next: 47%
Magic:  17/18      EV: 17    Int:  9    God:    Okawaru [*****.]
Gold:   1066       SH: 14    Dex: 15    Spells: 13/13 levels left

rFire   + + .        h - +5 war axe (flame)
rCold   + . .        P - +0 kite shield
rNeg    . . .        E - +4 scale mail "Ukiurph" {Str+4}
rPois   .            d - +2 hat {Will+}
rElec   .            H - +2 cloak {Will+}
rCorr   .            S - +1 pair of gloves
SInv    .            G - +3 pair of mountain boots {steadfast, rC+}
Will    +++..        m - amulet of regeneration
Stlth   ++           i - +6 ring of intelligence
HPRegen 1.21/turn    F - ring of Doubts {*Corrode rF++ EV+5}
MPRegen 0.16/turn

%: no teleportation, random rage (3%), corrode self (3%)
@: lethally poisoned (-5 -> -63), heroic, slowed, very slow
A: horns 2, retaliatory headbutt, agile 1, berserk 1, strong 1
a: Renounce Religion, Heroism, Finesse, Duel


You were in a Gauntlet.
You worshipped Okawaru.
Okawaru was extremely pleased with you.
You visited 3 branches of the dungeon, and saw 17 of its levels.
You also visited: Ossuary and Gauntlet.

You collected 1270 gold pieces.
You spent 204 gold pieces at shops.

Inventory:

Hand Weapons
 h - a +5 war axe of flaming (weapon)
 n - a +0 war axe of protection
Missiles
 q - 23 poisoned darts
 t - 4 throwing nets
 I - a curare-tipped dart
 N - a silver boomerang
 O - 3 boomerangs
 U - 3 javelins
Armour
 c - a +1 buckler
 d - a +2 hat of willpower (worn)
 g - a +2 cloak
 y - a +0 plate armour
 E - the +4 scale mail "Ukiurph" (worn) {Str+4}
   (You found it on level 7 of the Dungeon)

   Str:       It affects your strength (+4).
 G - the +3 pair of mountain boots (worn) {steadfast, rC+}
   (You found it on level 7 of the Dungeon)

   Steadfast: It prevents involuntary movement, except for blinking,
   teleportation, or banishment.
   rC:        It protects you from cold.
 H - a +2 cloak of willpower (worn)
 P - a +0 kite shield (worn)
 S - a +1 pair of gloves (worn)
Jewellery
 i - a +6 ring of intelligence (left hand)
 l - an amulet of faith
 m - an amulet of regeneration (around neck)
 z - a ring of ice
 A - a ring of ice
 C - a +5 ring of evasion
 F - the ring of Doubts (right hand) {*Corrode rF++ EV+5}
   (You found it on level 7 of the Dungeon)

   [ring of evasion]

   EV:        It affects your evasion (+5).
   rF:        It greatly protects you from fire.
   *Corrode:  It may corrode you when you take damage.
 T - a ring of fire
Wands
 a - a wand of paralysis (6)
 s - a wand of light (23)
 K - a wand of roots (4) (quivered)
 R - a wand of digging (2)
Scrolls
 e - 11 scrolls of teleportation
 p - 6 scrolls of identify
 r - 7 scrolls of amnesia
 w - a scroll of blinking
 x - 4 scrolls of fear
 L - a scroll of magic mapping
 M - 3 scrolls of poison
 Q - a scroll of fog
Potions
 b - 4 potions of flight
 f - 5 potions of curing
 j - a potion of resistance
 k - a potion of ambrosia
 o - 2 potions of berserk rage
 u - 5 potions of heal wounds
 v - 3 potions of brilliance
 B - a potion of might
 D - a potion of haste
 J - 3 potions of cancellation


   Skills:
 + Level 12.0(17.0) Fighting
 * Level 16.1(21.1) Axes
 + Level 9.1(14.1) Throwing
 + Level 12.1(17.1) Armour
 + Level 12.0(17.0) Shields
 + Level 7.7 Invocations


You had 13 spell levels left.
You didn't know any spells.
Your spell library contained the following spells:

 Spells                   Type           Power      Damage    Failure   Level
 Beastly Appendage        Tmut           0%         N/A       63%         1
 Magic Dart               Conj           0%         1d3       63%         1
 Blink                    Tloc           0%         N/A       77%         2
 Poisonous Vapours        Pois/Air       0%         N/A       77%         2
 Searing Ray              Conj           0%         2d4       77%         2
 Wereblood                Tmut           0%         N/A       77%         2
 Frozen Ramparts          Ice            0%         1d1       94%         3
 Ignite Poison            Fire/Tmut/Pois 0%         N/A       94%         3
 Inner Flame              Hex/Fire       0%         N/A       94%         3
 Spider Form              Tmut/Pois      0%         N/A       94%         3
 Fulminant Prism          Conj/Hex       0%         3d5       100%        4
 Ice Form                 Ice/Tmut       0%         N/A       100%        4
 Manifold Assault         Tloc           0%         N/A       100%        4
 Sticky Flame             Conj/Fire      0%         2d3       100%        4
 Borgnjor's Vile Clutch   Necr/Erth      0%         N/A       100%        5
 Yara's Violent Unravell  Hex/Tmut       0%         3d3       100%        5
 Enfeeble                 Hex            0%         N/A       100%        7
 Storm Form               Tmut/Air       0%         N/A       100%        7
 Ignition                 Fire           0%         3d3       100%        8
 Summon Small Mammal      Summ           Unusable   N/A       N/A         1
 Call Canine Familiar     Summ           Unusable   N/A       N/A         3
 Summon Guardian Golem    Hex/Summ       Unusable   N/A       N/A         3
 Animate Dead             Necr           Unusable   N/A       N/A         4
 Summon Ice Beast         Ice/Summ       Unusable   N/A       N/A         4
 Summon Mana Viper        Hex/Summ       Unusable   N/A       N/A         5
 Death Channel            Necr           Unusable   N/A       N/A         6

Dungeon Overview and Level Annotations

Branches:
Dungeon (12/15)            Temple (1/1) D:6            Lair (4/5) D:10
 Shoals (0/4) Lair:2        Snake (0/4) Lair:3          Orc (0/2) D:10
Ossuary (visited)         Gauntlet (1/1)
  Slime: Lair:4-5

Altars:
Ashenzari
Cheibriados
Dithmenos
Elyvilon
Fedhas
Gozag
Hepliaklqana
Kikubaaqudgha
Makhleb
Nemelex Xobeh
Okawaru
Qazlal
Ru
Sif Muna
Trog
Uskayaw
Vehumet
Wu Jian
Xom
Yredelemnul
Zin
The Shining One

Shops:
D:2 *   D:6 ?   D:9 :

Annotations:
D:9 exclusion: obsidian statue Gauntlet 7 transporters, 1 runed translucent door


Innate Abilities, Weirdness & Mutations

You have a pair of horns on your head.
You reflexively headbutt those who attack you in melee.
You are agile. (Dex +4, Str/Int -1)
You sometimes lose your temper in combat.
Your muscles are strong. (Str +4, Int/Dex -1)


Message History

The death drake is almost dead.
You are engulfed in dark miasma.
You are poisoned.
You feel as though you will be slow longer.
You feel extremely sick. The death drake breathes miasma at you.
The foul vapour misses you. The death drake breathes miasma at you.
The foul vapour engulfs you but does no damage.
You miss the death drake. You headbutt the death drake!
You kill the death drake!
Okawaru accepts your kill. Okawaru grants you armour!
Something appears at your feet!
You see here the +0 hat of Okawaru's Supremacy {-Cast *Corrode +Inv rPois rN+++}.
You are engulfed in dark miasma.
You are more poisoned.
* * * LOW HITPOINT WARNING * * *
x2 You feel extremely sick.
The spectral meliai hits you but does no damage. x2
You block the spectral meliai's attack.
The spectral meliai hits you but does no damage.
You hit the spectral meliai. You burn the spectral meliai.
You headbutt the spectral meliai, but do no damage.
The spectral meliai is lightly damaged.
You are engulfed in dark miasma.
You are lethally poisoned!
You feel as though you will be slow longer.
* * * LOW HITPOINT WARNING * * *
x2 You feel extremely sick.
The spectral meliai hits you but does no damage.
The spectral meliai barely misses you. The spectral meliai closely misses you.
You furiously retaliate!
You headbutt the spectral meliai! The spectral meliai misses you.
You slash the spectral meliai! You burn the spectral meliai.
The spectral meliai is severely damaged.
You are engulfed in dark miasma.
You are more poisoned.
* * * LOW HITPOINT WARNING * * *
You die...

......... # ### #########
### ##
≈###≈###.......###≈###≈##
≈≈#≈≈≈#..∩.⌠.∩..#≈≈≈#≈≈≈#
≈.....................≈#
#.#########.#########.##
≈.##.!©[$##.#..#©#.=#.≈##
≈.##..###.#.#.Z#.#[[#.≈≈#
≈.#.##..#.#.#.ZZ@'###.≈##
#.#y#.©#.####.Z#....#.##
≈.##.##.y##.#..#.##.#.≈##
≈.##y#.##y#.#..#.##.#.≈≈#
≈.#y#.#.y##.#..#©...#.≈##
#.#########.#########.##
≈....#©.........©#....≈##
≈..⌠.#.⌠.⌠.⌠.⌠.⌠.#.⌠..≈≈#
≈....#©.........©#....≈##


You could see a spectral boggart, a spectral centaur warrior, a spectral meliai,
a meliai and a centaur warrior zombie.

Vanquished Creatures
  2 hydras
  Harold (D:9)
  3 boulder beetles
  7 two-headed ogres
  Erica (D:9)
  A tengu warrior (D:12)
  4 death yaks (Lair:1)
  A death drake (Gauntlet)
  Amaemon (Lair:3)
  Pikel (D:5)
  A manticore (D:11)
  An oklob plant (Lair:3)
  2 cyclopes
  Maurice (D:8)
  A black mamba (Lair:3)
  Joseph (D:8)
  7 gargoyles
  A naga mage (D:11)
  4 cane toads
  An orange demon (Lair:3)
  An eye of devastation (Gauntlet)
  2 unseen horrors
  2 rime drakes (Lair:3)
  A kobold demonologist (D:10)
  3 komodo dragons
  A tengu conjurer (D:11)
  An efreet (D:8)
  5 trolls
  A queen bee (Gauntlet)
  A polar bear (Lair:3)
  Prince Ribbit (D:7)
  8 blink frogs
  2 slime creatures (D:7)
  4 wyverns
  A spriggan (Lair:2)
  Sigmund (D:5)
  3 wraiths
  A shadow (D:11)
  14 yaks
  A golden eye (Gauntlet)
  A basilisk (Lair:3)
  A steam dragon (D:9)
  4 vampire mosquitoes
  An acid dragon (D:10)
  8 water moccasins
  Duvessa (D:4)
  2 sky beasts
  2 black bears
  5 ice beasts (D:7)
  5 orc warriors
  6 wolves
  2 kobold brigands (D:9)
  3 lemures (D:5)
  9 bullfrogs
  An elf zombie (Ossuary)
  3 scorpions
  A wight (D:7)
  Dowan (D:4)
  17 killer bees
  3 howler monkeys
  2 centaur zombies (Ossuary)
  4 jellies
  5 hounds
  Crazy Yiuf (D:7)
  A gnoll bouda (D:6)
  2 human zombies (Ossuary)
  4 orc priests
  2 iguanas
  Natasha (thrice) (D:4)
  13 orc wizards
  3 hound zombies (Ossuary)
  4 mummies
  8 gnolls
  6 adders
  A shadow imp (D:6)
  2 white imps (D:7)
  2 ufetubi
  An adder zombie (Ossuary)
  4 dart slugs
  50 orcs
  8 ball pythons
  14 endoplasms
  4 giant cockroaches
  A gnoll zombie (Ossuary)
  6 goblins
  9 hobgoblins
  6 quokkas
  6 bats
  7 frilled lizards
  7 goblin zombies
  3 hobgoblin zombies (Ossuary)
  6 jackal zombies (Ossuary)
  19 kobolds
  A kobold zombie (Ossuary)
  3 orc zombies
  3 quokka zombies (Ossuary)
  3 rats
  4 rat zombies (Ossuary)
  A plant (D:10)
401 creatures vanquished.

Vanquished Creatures (others)
  22 fungi
  24 plants
46 creatures vanquished.

Grand Total: 447 creatures vanquished

Notes
Turn   | Place    | Note
-------+----------+-------------------------------------------
     0 | D:1      | bmack86 the Minotaur Fighter began the quest for the Orb.
     0 | D:1      | Reached XP level 1. HP: 19/19 MP: 0/0
   181 | D:1      | Reached XP level 2. HP: 23/27 MP: 1/1
   230 | D:1      | Reached skill level 3 in Axes
   458 | D:1      | Found a faded altar of an unknown god.
   761 | D:1      | Reached XP level 3. HP: 33/33 MP: 2/2
  1488 | D:2      | Found Byhyoll's Assorted Antiques.
  1491 | D:2      | Bought a blue potion for 21 gold pieces
  1491 | D:2      | Bought a red potion for 21 gold pieces
  1721 | D:3      | Reached XP level 4. HP: 16/40 MP: 3/3
  1901 | D:3      | Reached skill level 4 in Axes
  1946 | D:3      | Found a faded altar of an unknown god.
  1965 | D:3      | Found an ancient bone altar of Kikubaaqudgha.
  2441 | D:4      | Noticed Natasha
  2447 | D:4      | Killed Natasha
  2448 | D:4      | Reached XP level 5. HP: 47/47 MP: 4/4
  2448 | D:4      | Noticed Dowan
  2458 | D:4      | Killed Dowan
  2466 | D:4      | Reached skill level 5 in Axes
  2466 | D:4      | Noticed Duvessa
  2476 | D:4      | Killed Duvessa
  2477 | D:4      | Reached skill level 5 in Armour
  2477 | D:4      | Reached skill level 5 in Shields
  2477 | D:4      | Reached XP level 6. HP: 29/55 MP: 5/5
  2591 | D:4      | Reached skill level 5 in Fighting
  2594 | D:4      | Noticed Natasha
  2603 | D:4      | Killed Natasha
  2747 | D:4      | Found a sacrificial altar of Ru.
  2885 | D:4      | Noticed Natasha
  2890 | D:4      | Killed Natasha
  2967 | D:4      | Identified a scroll of acquirement
  2967 | D:4      | Acquired a +2 hat of willpower
  3027 | D:5      | Entered Level 5 of the Dungeon
  3030 | D:5      | Noticed a water moccasin
  3052 | D:4      | Reached skill level 6 in Axes
  3052 | D:4      | Reached XP level 7. HP: 61/61 MP: 6/6
  3053 | D:4      | Gained mutation: You sometimes lose your temper in combat.
                  | [potion of mutation]
  3053 | D:4      | Gained mutation: You are agile. (Dex +4, Str/Int -1)
                  | [potion of mutation]
  3053 | D:4      | Gained mutation: Your muscles are strong. (Str +4, Int/Dex
                  | -1) [potion of mutation]
  3059 | D:5      | Reached skill level 1 in Throwing
  3202 | D:5      | Noticed Sigmund
  3216 | D:5      | Killed Sigmund
  3217 | D:5      | Reached skill level 7 in Axes
  3225 | D:5      | Noticed Pikel
  3234 | D:5      | Reached XP level 8. HP: 31/70 MP: 7/7
  3238 | D:5      | Killed Pikel
  3239 | D:5      | Reached skill level 8 in Axes
  3296 | D:5      | Identified the +5 ring mail of the Sneaky Queens {Str+3}
  3375 | D:5      | HP: 2/71 [poisoned by a gnoll]
  3910 | D:6      | Found a hide-covered altar of Uskayaw.
  4083 | D:6      | Found The Oracle's Delphic Readings.
  4089 | D:6      | Bought a scroll of blinking for 90 gold pieces
  4089 | D:6      | Bought a scroll of fear for 48 gold pieces
  4089 | D:6      | Bought a scroll of identify for 24 gold pieces
  4141 | D:6      | Found a staircase to the Ecumenical Temple.
  4148 | Temple   | Entered the Ecumenical Temple
  4311 | Temple   | Became a worshipper of Warmaster Okawaru
  4361 | D:6      | Found a glowing golden altar of the Shining One.
  4593 | D:6      | Reached XP level 9. HP: 78/78 MP: 8/8
  4602 | D:6      | Found a burning altar of Makhleb.
  4827 | D:7      | Reached skill level 9 in Axes
  4839 | D:7      | Noticed Prince Ribbit
  4841 | D:7      | Reached skill level 1 in Invocations
  4841 | D:7      | Reached * piety under Okawaru
  4854 | D:7      | Killed Prince Ribbit
  4879 | D:7      | Noticed a cyclops
  4889 | D:7      | Killed a cyclops
  4891 | D:7      | Reached ** piety under Okawaru
  4892 | D:7      | Reached skill level 10 in Axes
  4925 | D:7      | Reached XP level 10. HP: 52/88 MP: 11/11
  5010 | D:7      | Found a shadowy altar of Dithmenos.
  5234 | D:7      | Reached skill level 5 in Throwing
  5278 | D:7      | Found a sand-covered staircase.
  5283 | Ossuary  | Entered an ossuary
  5546 | Ossuary  | Reached *** piety under Okawaru
  5670 | D:7      | Identified the +4 scale mail "Ukiurph" {Str+4}
  5688 | D:7      | Identified the ring of Doubts {*Corrode rF++ EV+5}
  5699 | D:7      | Found the crystal ball of Wucad Mu {*channel}
  5749 | D:7      | Found the +3 pair of mountain boots {steadfast, rC+}
  6000 | D:7      | Found a runed translucent door.
  6001 | D:7      | Noticed Crazy Yiuf
  6006 | D:7      | Killed Crazy Yiuf
  6083 | D:8      | Noticed Joseph
  6084 | D:8      | Noticed Maurice
  6151 | D:8      | Killed Joseph
  6186 | D:8      | Killed Maurice
  6187 | D:8      | Reached skill level 11 in Axes
  6312 | D:8      | Noticed a two-headed ogre
  6325 | D:8      | Killed a two-headed ogre
  6577 | D:8      | Got the Catalogue of the Black Widow and the Congregation
  6728 | D:9      | Noticed an obsidian statue
  6753 | D:9      | Noticed a two-headed ogre
  6759 | D:9      | Killed a two-headed ogre
  6759 | D:9      | Reached **** piety under Okawaru
  6760 | D:9      | Reached XP level 11. HP: 95/95 MP: 10/13
  7010 | D:9      | Found Unyrrige's Book Shop.
  7104 | D:9      | Noticed Erica
  7114 | D:9      | Killed Erica
  7115 | D:9      | Reached skill level 12 in Axes
  7130 | D:9      | Found a snail-covered altar of Cheibriados.
  7220 | D:9      | Noticed Harold
  7233 | D:9      | Killed Harold
  7233 | D:9      | Received a gift from Okawaru
  7330 | D:9      | Found a glowing silver altar of Zin.
  7330 | D:9      | Found an opulent altar of Gozag.
  7427 | D:9      | Reached skill level 5 in Invocations
  7464 | D:10     | Entered Level 10 of the Dungeon
  7464 | D:10     | Noticed a two-headed ogre
  7469 | D:10     | Killed a two-headed ogre
  7479 | D:10     | Noticed a two-headed ogre
  7492 | D:10     | Killed a two-headed ogre
  7492 | D:10     | Reached ***** piety under Okawaru
  7591 | D:10     | Found a staircase to the Lair.
  7842 | D:10     | Found a staircase to the Orcish Mines.
  7958 | D:10     | Reached skill level 13 in Axes
  8172 | D:10     | Found an ornate altar of the Wu Jian Council.
  8184 | D:10     | Noticed a two-headed ogre
  8193 | D:10     | Killed a two-headed ogre
  8194 | D:10     | Reached skill level 10 in Armour
  8391 | D:11     | Noticed a boulder beetle
  8405 | D:11     | Killed a boulder beetle
  8406 | D:11     | Reached skill level 10 in Fighting
  8406 | D:11     | Reached skill level 10 in Shields
  8406 | D:11     | Reached XP level 12. HP: 106/106 MP: 13/15
  8468 | D:11     | Noticed a two-headed ogre
  8473 | D:11     | Killed a two-headed ogre
  8931 | D:11     | Noticed a two-headed ogre
  8939 | D:11     | Killed a two-headed ogre
  8939 | D:11     | Received a gift from Okawaru
  9332 | D:12     | Noticed a boulder beetle
  9351 | D:12     | Identified the +0 chain mail of Okawaru's Approval {+Blink
                  | MP+9 Int+3 Dex+3} (Okawaru gifted it to you on level 12 of
                  | the Dungeon)
  9351 | D:12     | Received a gift from Okawaru
  9362 | D:12     | Killed a boulder beetle
  9383 | D:12     | Reached skill level 14 in Axes
  9383 | D:12     | Noticed a six-headed hydra
  9390 | D:12     | Killed a two-headed hydra
  9590 | D:12     | Noticed a boulder beetle
  9609 | D:12     | Killed a boulder beetle
  9683 | D:12     | Noticed a tengu warrior
  9693 | D:12     | Killed a tengu warrior
  9991 | Lair:1   | Entered Level 1 of the Lair of Beasts
 10054 | Lair:1   | Noticed a death yak
 10060 | Lair:1   | Noticed a death yak
 10060 | Lair:1   | Noticed a death yak
 10062 | Lair:1   | Noticed a death yak
 10073 | Lair:1   | Killed a death yak
 10077 | Lair:1   | Killed a death yak
 10081 | Lair:1   | Killed a death yak
 10087 | Lair:1   | Killed a death yak
 10255 | Lair:1   | Reached XP level 13. HP: 116/116 MP: 17/17
 11039 | Lair:2   | Reached skill level 15 in Axes
 11044 | Lair:2   | Found a staircase to the Shoals.
 11240 | Lair:2   | Received a gift from Okawaru
 11690 | Lair:3   | Noticed Amaemon
 11701 | Lair:3   | Killed Amaemon
 11797 | Lair:3   | Found a staircase to the Snake Pit.
 12401 | Lair:4   | Found a gate leading to a gauntlet.
 12410 | Gauntlet | Entered a Gauntlet
 12410 | Gauntlet | Found a transporter.
 12410 | Gauntlet | Found a transporter.
 12414 | Gauntlet | Found a transporter.
 12414 | Gauntlet | Found a transporter.
 12434 | Gauntlet | Found a transporter.
 12445 | Gauntlet | Found a transporter.
 12446 | Gauntlet | Found a transporter.
 12452 | Gauntlet | Found a runed translucent gate.
 12454 | Gauntlet | Found a transporter.
 12458 | Gauntlet | Found a runed translucent gate.
 12459 | Gauntlet | Found a runed translucent gate.
 12483 | Gauntlet | Found a transporter.
 12488 | Gauntlet | Found a transporter.
 12512 | Gauntlet | Found a transporter.
 12520 | Gauntlet | Found a transporter.
 12583 | Gauntlet | Reached skill level 16 in Axes
 12583 | Gauntlet | Reached XP level 14. HP: 126/126 MP: 18/18
 12587 | Gauntlet | Found a runed translucent door.
 12591 | Gauntlet | Reached ****** piety under Okawaru
 12664 | Gauntlet | Identified the +0 hat of Okawaru's Supremacy {-Cast
                  | *Corrode +Inv rPois rN+++} (Okawaru gifted it to you in a
                  | Gauntlet)
 12664 | Gauntlet | Received a gift from Okawaru
 12666 | Gauntlet | Succumbed to poison (dark miasma)

Illustrated notes

Levels and vault maps discovered:
D:1:      scummos_arrival_simple_fountains, layout_basic,
          ebering_ecumenical_altar_ruins, minmay_circled_x
D:2:      layout_loops_ring, serial_shops, nicolae_shop_window_shopping,
          kennysheep_generic_room_7
D:3:      layout_loops_cross, nicolae_overflow_ecumenical_swirl,
          minmay_strange_pillars
D:4:      layout_cave_pools, mainiacjoe_overflow_chevrons, st_stairs_9,
          minmay_misc_feat_four_crosses, uniq_natasha, uniq_duvessa
D:5:      layout_loops_ring, uniq_pikel, uniq_sigmund
D:6:      layout_loops_cross, mainiacjoe_overflow_alcove_1,
          mainiacjoe_overflow_paths, makhleb_blood_cavern_becter,
          minmay_temple_entry_offerings, nicolae_nh_oracle_at_delphi
D:7:      minmay_the_grid_plus [minmay_the_grid_tree, minmay_the_grid_plusring,
          minmay_the_grid_fan, minmay_the_grid_box_x,
          minmay_the_grid_prize_trominoes], layout_gridville,
          grunt_dithmenos_smoke, nicolae_ossuary_entry_giza,
          uniq_prince_ribbit1, uniq_crazy_yiuf_cottage
D:8:      layout_cave_pools, small_chamber_with_monster, uniq_maurice,
          uniq_joseph
D:9:      layout_long_grid, grunt_temple_overflow_gold_and_silver,
          mainiacjoe_overflow_concentric_impassable, serial_shops,
          kennysheep_little_box, minivault_16, st_stairs_2, uniq_erica,
          uniq_harold
D:10:     cheibrodos_statue_roulette, layout_loops_ring,
          nicolae_wu_jian_glorious_leap, grunt_lair_entry_orc_guard_hut,
          orc_0_dummy
D:11:     layout_loops_cross, minmay_librarian
D:12:     layout_stronghold
Temple:   nicolae_temple_slightly_damp_pantheon
Lair:1:   layout_small_grid, infiniplex_staircase_pool, serial_bayou_shore_b,
          grunt_megastairs_4
Lair:2:   layout_gridlike, shoals_dummy_entry, grunt_forest_large_clearing_hut
Lair:3:   layout_cellular_growth, dummy_snake_entry,
          eino_small_chamber_without_monster, uniq_amaemon
Lair:4:   layout_cave_pods, gauntlet_entry_generic, dreamdust_gnoll_shepherd,
          serial_bayou_shore_a, infiniplex_staircase_pool_2,
          serial_bayou_shore_b
Gauntlet: minmay_gauntlet_77_indecision [minmay_gauntlet_arena_77_museum,
          minmay_gauntlet_arena_77_broken_ladder, minmay_gauntlet_arena_77_box,
          minmay_gauntlet_arena_77_path, minmay_gauntlet_arena_77_run_for_it,
          minmay_gauntlet_arena_77_mess, dreamdust_gauntlet_exit_labyrinth]

Skill      XL: |  1  2  3  4  5  6  7  8  9 10 11 12 13 |
---------------+----------------------------------------+-----
Axes           | 3 4 5 6 7 8 10 11 13 14 16 | 16.1
Fighting       | 4 5 6 7 8 10 11 12 | 12.0
Shields        | 4 5 6 7 8 10 11 12 | 12.0
Armour         | 4 5 6 7 8 10 11 12 | 12.1
Throwing       | 2 3 4 5 7 8 9 |  9.1
Invocations    | 2 4 5 7 |  7.7

Action                     |  1- 3 |  4- 6 |  7- 9 | 10-12 | 13-15 || total
---------------------------+-------+-------+-------+-------+-------++-------
  Melee: War axe           |    89 |    96 |   140 |   459 |   117 ||   901
         Headbutt          |    10 |    11 |    21 |   123 |    24 ||   189
  Throw: Dart              |       |       |       |    11 |       ||    11
 Invoke: Heroism           |       |       |     1 |    12 |     1 ||    14
         Finesse           |       |       |       |     1 |       ||     1
  Evoke: Wand              |       |       |       |     4 |       ||     4
    Use: Scroll            |     6 |     9 |     3 |    14 |     3 ||    35
         Potion            |       |     2 |     2 |       |     3 ||     7
 Armour: Scale mail        |    50 |       |       |   134 |    52 ||   236
         Chain mail        |       |    82 |    21 |       |       ||   103
         Ring mail         |       |       |    67 |    42 |       ||   109
  Dodge: Dodged            |    43 |    53 |    75 |   207 |    68 ||   446
  Block: Buckler           |    27 |    31 |    65 |   147 |       ||   270
         Kite shield       |       |       |       |    25 |    90 ||   115
